 Dungeon Sprint DCSS version 0.21.1-1-g345015f (webtiles) character file.

82 equalderp2856 the Skirmisher (level 4, -5/45 HPs)
             Began as a Minotaur Fighter on May 4, 2018.
             Splashed by an oklob sapling priest's acid (12 damage)
             ... in the Dungeon (Sprint IV: "Fedhas' Mad Dash").
             The game lasted 00:01:06 (768 turns).

equalderp2856 the Skirmisher (Minotaur Fighter)      Turns: 768, Time: 00:01:08

Health: -5/45      AC:  0    Str: 21    XL:     4   Next: 21%
Magic:  2/3        EV:  8    Int:  5    God:
Gold:   52         SH: 10    Dex: 10    Spells: 3/3 levels left

rFire    . . .     SeeInvis .   a - +0 rapier
rCold    . . .     Gourm    .   c - +0 shield
rNeg     . . .     Faith    .   b - +0 scale mail
rPois    .         Spirit   .   (helmet restricted)
rElec    .         Reflect  .   (no cloak)
rCorr    .         Harm     .   (no gloves)
MR       .....     NoTele   +   (no boots)
Stlth    ..........             l - amulet of invisibility {+Inv}
HPRegen  0.15/turn              (no ring)
MPRegen  0.08/turn              (no ring)

@: corroded, very slightly contaminated, invisible (expiring)
A: retaliatory headbutt, horns 2
a: no special abilities


You were in the Dungeon.
You were not hungry.

You visited 1 branch You collected 52 gold pieces.

Inventory:

Hand Weapons
 a - a +0 rapier (weapon)
Armour
 b - a +0 scale mail (worn)
 c - a +0 shield (worn)
Jewellery
 l - the amulet of invisibility (around neck) {+Inv}
   (You found it in the Dungeon)

   [amulet of nothing]

   It lets you turn invisible.
Scrolls
 k - a scroll of blinking
 m - a scroll of magic mapping {unknown}
Potions
 d - a potion of might
 e - a potion of curing
 g - a potion of heal wounds
 h - a potion of haste
 i - 2 potions of magic
 j - a potion of berserk rage
Comestibles
 f - a ration


   Skills:
 + Level 6.6 Fighting
 + Level 3.7 Short Blades
 + Level 6.1 Armour
 + Level 1.1 Dodging
 * Level 1.1 Stealth
 + Level 6.0 Shields
 * Level 1.0 Evocations


You had 3 spell levels left.
You didn't know any spells.

Dungeon Overview and Level Annotations

Branches:
Dungeon (1/1)

Altars:
Cheibriados
Dithmenos
Elyvilon
Gozag
Hepliaklqana
Kikubaaqudgha
Makhleb
Nemelex Xobeh
Okawaru
Qazlal
Ru
Sif Muna
Trog
Uskayaw
Vehumet
Wu Jian
Xom
Yredelemnul
Zin
The Shining One
Beogh
Jiyva
Lugonu

Annotations:
D exclusion: oklob sapling


Innate Abilities, Weirdness & Mutations

You reflexively headbutt those who attack you in melee.
You have a pair of horns on your head.


Message History

There is a burning altar of Makhleb here.
There is a sparkling altar of Nemelex Xobeh here.
You hit the oklob sapling priest but do no damage.
You hit the oklob sapling priest but do no damage.
You hit the oklob sapling priest but do no damage.
The oklob sapling priest spits acid at you.
The splash of acid hits you! The acid corrodes you!
You are splashed with acid!
The acid burns!
You hit the oklob sapling priest.
The oklob sapling priest is lightly damaged.
Unknown command.
Press < or > to pray at altars.
You hit the oklob sapling priest.
The oklob sapling priest is moderately damaged.
You flicker for a moment.
The oklob sapling priest spits acid at you.
The splash of acid hits you!
* * * LOW HITPOINT WARNING * * *
The acid corrodes you!
You are splashed with acid!
The acid burns!
You die...

########################
....#.....#.⌠._._._._.⌠.
....'.#[..'.._._._._._..
....#.#...#..._.@P_._...
########'##.._._._._._..
+...#._._._._._.⌠.
#...############## #####


You could see an oklob sapling priest.

Vanquished Creatures
  2 oklob saplings (D)
  A worker ant (D)
  A river rat (D)
  A rat (D)
5 creatures vanquished.

Notes
Turn   | Place    | Note
-------+----------+-------------------------------------------
     0 | D        | equalderp2856 the Minotaur Fighter began the quest for the Orb.
     0 | D        | Reached XP level 1. HP: 19/19 MP: 0/0
    13 | D        | Reached XP level 2. HP: 7/28 MP: 1/1
   257 | D        | Noticed an oklob sapling
   518 | D        | Killed an oklob sapling
   518 | D        | Reached skill level 5 in Fighting
   518 | D        | Reached skill level 5 in Armour
   518 | D        | Reached skill level 5 in Shields
   518 | D        | Reached XP level 3. HP: 36/36 MP: 2/2
   522 | D        | Found the amulet of invisibility {+Inv}
   559 | D        | Noticed an oklob sapling
   563 | D        | Killed an oklob sapling
   563 | D        | Reached skill level 1 in Dodging
   563 | D        | Reached skill level 1 in Stealth
   563 | D        | Reached skill level 1 in Evocations
   563 | D        | Reached XP level 4. HP: 16/45 MP: 0/3
   756 | D        | Found an opulent altar of Gozag.
   756 | D        | Found a hazy altar of Hepliaklqana.
   756 | D        | Found a burning altar of Makhleb.
   756 | D        | Found a roughly hewn altar of Beogh.
   756 | D        | Found a sparkling altar of Nemelex Xobeh.
   756 | D        | Found a snail-covered altar of Cheibriados.
   756 | D        | Found a sacrificial altar of Ru.
   756 | D        | Found a deep blue altar of Sif Muna.
   756 | D        | Found a shimmering altar of Xom.
   756 | D        | Found a basalt altar of Yredelemnul.
   757 | D        | Found a viscous altar of Jiyva.
   757 | D        | Found a bloodstained altar of Trog.
   757 | D        | Found an ornate altar of the Wu Jian Council.
   758 | D        | Found an iron altar of Okawaru.
   758 | D        | Found a glowing silver altar of Zin.
   758 | D        | Found a shadowy altar of Dithmenos.
   759 | D        | Found a hide-covered altar of Uskayaw.
   759 | D        | Found an ancient bone altar of Kikubaaqudgha.
   760 | D        | Found a stormy altar of Qazlal.
   760 | D        | Found a glowing golden altar of the Shining One.
   760 | D        | Found a white marble altar of Elyvilon.
   761 | D        | Found a radiant altar of Vehumet.
   761 | D        | Found a corrupted altar of Lugonu.
   768 | D        | Splashed by an oklob sapling priest's acid

Skill      XL: |  1  2  3 |
---------------+----------+-----
Fighting       | 4 5 6 |  6.6
Armour         | 4 5 6 |  6.1
Shields        | 4 5 6 |  6.0
Short Blades   | 3 |  3.7
Dodging        | 1 |  1.1
Stealth        | 1 |  1.1
Evocations     | 1 |  1.0

Action                   |  1- 3 |  4- 6 || total
-------------------------+-------+-------++-------
Melee: Rapier            |    25 |     5 ||    30
       Headbutt          |     4 |       ||     4
 Abil: Evoke Invisibilit |     1 |     1 ||     2
Armor: Scale mail        |     8 |       ||     8
Dodge: Dodged            |     8 |       ||     8
Block: Shield            |     7 |       ||     7
